 Dungeon Crawl Stone Soup version 0.27-a0-1416-g941b2bd30b (webtiles) character file.

Game seed: 15736448731108200443

28 Tocho the Ruffian (level 3, 0/28 HPs)
             Began as a Draconian Transmuter on July 1, 2021.
             Slain by Grinder (6 damage)
             ... on level 3 of the Dungeon.
             The game lasted 00:02:11 (967 turns).

Tocho the Ruffian (Draconian Transmuter)             Turns: 967, Time: 00:02:12

Health: 0/28       AC:  5    Str: 13    XL:     3   Next: 0%
Magic:  5/6        EV: 12    Int: 13    God:
Gold:   61         SH:  0    Dex: 11    Spells: 3/6 levels left

rFire    . . .     SeeInvis .     - Unarmed
rCold    . . .     Faith    .   (no shield)
rNeg     . . .     Spirit   .   (armour unavailable)
rPois    .         Reflect  .   (helmet restricted)
rElec    .         Harm     .   (no cloak)
rCorr    .         Rampage  .   (no gloves)
Will     .....                  (no boots)
Stlth    +.........             (no amulet)
HPRegen  0.09/turn              (no ring)
MPRegen  0.10/turn              (no ring)

@: wereblooded
A: AC +5, unfitting armour, cold-blooded
a: no special abilities


You were on level 3 of the Dungeon.
You visited 1 branch of the dungeon, and saw 3 of its levels.

You collected 61 gold pieces.

Inventory:

Missiles
 h - 8 poisoned darts (quivered)
Jewellery
 a - an amulet of regeneration
Scrolls
 b - a scroll of magic mapping {unknown}
 e - a scroll of enchant weapon {unknown}
 f - a scroll of identify {unknown}
 i - a scroll of fear {unknown}
 j - a scroll of torment {unknown}
 k - a scroll of enchant armour {unknown}
Potions
 c - a potion of berserk rage {unknown}
 d - a potion of ambrosia {unknown}
 g - 2 potions of heal wounds {unknown}


   Skills:
 * Level 1.5 Fighting
 * Level 2.0 Dodging
 * Level 3.6 Unarmed Combat
 + Level 2.1 Spellcasting
 + Level 2.1 Transmutations


You had 3 spell levels left.
You knew the following spells:

 Your Spells              Type           Power      Damage    Failure   Level
a - Beastly Appendage     Tmut           14%        N/A       11%         1
b - Wereblood             Tmut           7%         N/A       16%         2

Your spell library contained the following spells:

 Spells                   Type           Power      Damage    Failure   Level
 Summon Small Mammal      Summ           4%         N/A       26%         1
 Spider Form              Tmut/Pois      2%         N/A       43%         3
 Call Canine Familiar     Summ           1%         N/A       58%         3
 Frozen Ramparts          Ice            2%         1d2       58%         3
 Summon Guardian Golem    Hex/Summ       1%         N/A       58%         3
 Ice Form                 Ice/Tmut       4%         N/A       85%         4
 Summon Ice Beast         Ice/Summ       1%         N/A       94%         4


Dungeon Overview and Level Annotations

Branches:
Dungeon (2/15)

Altars:
Trog

Annotations:
D:3 Grinder


Innate Abilities, Weirdness & Mutations

Your plain brown scales are hard. (AC +5)
You cannot fit into any form of body armour.
You are cold-blooded and may be slowed by cold attacks.


Message History

The moth of wrath's fur bristles in rage as it notices you.
Found a hunting sling, a mace, a whip and a trident.
Found a bloodstained altar of Trog. 4 rats and a worm come into view.
Casting: Wereblood (safe; 16% risk of failure)
Confirm with . or Enter, or press ? or * to list all spells.
Your blood is infused with primal strength.
The moth of wrath goads the worm on!
The worm goes berserk!
The moth of wrath goads the rat on!
The rat goes berserk!
The rat bites you.
You hit the worm but do no damage. The worm bites you.
The rat closely misses you.
You hit the worm but do no damage. The rat bites you.
The moth of wrath goads the rat on!
The rat goes berserk!
The worm bites you.
The rat closely misses you. x2; The rat bites you but does no damage.
The moth of wrath goads the rat on!
The rat goes berserk!
The rat closely misses you. The rat closely misses you.
The rat bites you but does no damage. x2
The rat closely misses you.
You open the door. The rat barely misses you. The rat closely misses you. x2
The rat closely misses you. The rat barely misses you.
There is an open door here.
Grinder comes into view.
Grinder shouts!
The rat barely misses you.
Found a stone staircase leading down.
You hit the rat but do no damage. Grinder hits you but does no damage.
The rat barely misses you.
Unknown command.
You barely miss Grinder. The rat barely misses you. Grinder hits you.
The rat closely misses you.
You hit Grinder but do no damage. You tail-slap Grinder.
Grinder is lightly wounded.
Grinder barely misses you. The rat closely misses you.
You hit Grinder but do no damage.
Grinder is lightly wounded.
The rat closely misses you. Grinder hits you.
* * * LOW HITPOINT WARNING * * *
You writhe in agony.
You die...

##.........##
#....###....#
#...##y##..^#
#....###....#
#...........#
##....r....##
##..wrr..##
####r#### #@#
#..5.# #>####
#


You could see a moth of wrath, Grinder, a worm (berserk) and 4 rats.

Vanquished Creatures
  2 ball pythons (D:1)
  5 endoplasms
  2 giant cockroaches (D:1)
  2 goblins (D:1)
  2 hobgoblins (D:1)
  5 kobolds (D:1)
  A quokka (D:1)
  2 bats (D:1)
  3 rats
24 creatures vanquished.

Notes
Turn   | Place    | Note
-------+----------+-------------------------------------------
     0 | D:1      | Tocho the Draconian Transmuter began the quest for the Orb.
     0 | D:1      | Reached XP level 1. HP: 16/16 MP: 3/3
   214 | D:1      | Reached XP level 2. HP: 23/23 MP: 5/5
   224 | D:1      | Learned a level 2 spell: Wereblood
   923 | D:2      | Reached XP level 3. HP: 28/28 MP: 6/6
   951 | D:2      | You fall into a shaft and drop 1 floor!
   951 | D:3      | Found a bloodstained altar of Trog.
   951 | D:3      | Noticed a moth of wrath
   963 | D:3      | Noticed Grinder
   967 | D:3      | Slain by Grinder

Illustrated notes

Levels and vault maps discovered:
D:1:      saegor_arrival_simple_a, layout_loops_ring
D:2:      layout_basic, basic_ecumenical_altar, grunt_ministairs_15,
          chequers_serial_rivers_marsh, uniq_natasha
D:3:      layout_loops_ring, tgw_trog, fedhas_altar_4,
          nicolae_overflow_crystal_walls, nicolae_ru_sacrificial_ziggurat,
          amcnicky_altar_gilded, gammafunk_ghost_smash,
          chequers_serial_rivers_micro_a, uniq_grinder, uniq_sigmund

Skill      XL: |  1  2 |
---------------+-------+-----
Dodging        | 2 |  2.0
Fighting       | |  1.5
Unarmed Combat | |  3.6
Spellcasting   | |  2.1
Transmutations | |  2.1

Action                   || total
-------------------------++-------
Melee: Unarmed           ||    69
       Kick              ||     7
       Tailslap          ||     5
       Headbutt          ||     1
       Punch             ||     1
 Cast: Beastly Appendage ||     4
       Wereblood         ||     3
Armor: Skin              ||    18
Dodge: Dodged            ||    64

Table legend: (Time is in decaauts)
 A = Elapsed time spent in this place.
 B = Non-inter-level travel time spent in this place.
 C = Inter-level travel time spent in this place.
 D = Time resting spent in this place.
 E = Time spent auto-exploring this place.
 F = Levels seen in this place.
 G = Mean time per level.
                   A        B        C        D        E       F      G
               +--------+--------+--------+--------+--------+-----+--------+
         Total |    962 |    947 |     15 |      0 |    753 |   3 |  320.7 |
       Dungeon |    962 |    947 |     15 |      0 |    753 |   3 |  320.7 |
               +--------+--------+--------+--------+--------+-----+--------+

Top non-repeatable levels by time:
     D:1: 892 daAuts
     D:2: 54 daAuts
     D:3: 15 daAuts
